 Dungeon Crawl Stone Soup version 0.30-a0-912-ge10d75a369 (console) character file.

Game seed: 6356369986635236676

87 Banquo the Magician (level 4, -2/23 (32) HPs)
             Began as a Djinni Hedge Wizard on Mar 19, 2023.
             Was an Initiate of Gozag.
             Slain by a goblin
             ... wielding a +0 dagger of electrocution
              (15 damage)
             ... on level 3 of the Dungeon.
             The game lasted 00:06:08 (2508 turns).

Banquo the Magician (Djinni Hedge Wizard)           Turns: 2508, Time: 00:06:09

HP:   -2/23 (32)    AC:  2    Str:  9    XL:     4   Next: 80%
Gold: 270           EV: 12    Int: 17    God:    Gozag SH:  0 Dex: 13

rFire   + + .      SeeInvis +    a - +0 dagger
rCold   x . .      Faith    .    (no shield)
rNeg    . . .      Spirit   .    b - +0 robe
rPois   ∞          Reflect  .    c - +0 hat
rElec   .          Rampage  .    (no cloak)
rCorr   .                        (no gloves)
Will    .....                    (boots unavailable)
Stlth   ++                       (no amulet)
HPRegen 0.23/turn                S - ring of see invisible
MPRegen 0.00/turn                (no ring)

@: flying, very heavily drained
A: sickness immunity, fire resistance 2, cold vulnerability 1, float, innate
caster, HP casting, extra vitality 1
a: Renounce Religion, Potion Petition, Call Merchant, Bribe Branch


You were on level 3 of the Dungeon.
You worshipped Gozag.
Gozag was aware of your devotion.
You visited 1 branch of the dungeon, and saw 3 of its levels.

You collected 316 gold pieces.
You paid 46 gold pieces to Gozag.

Inventory:

Hand Weapons
 a - a +0 dagger (weapon)
 e - a +0 heavy trident
Missiles
 n - a throwing net
Armour
 b - a +0 robe (worn)
 c - a +0 hat (worn)
Jewellery
 S - a ring of see invisible (left hand)
Scrolls
 d - a scroll of immolation {unknown}
 f - a scroll of magic mapping {unknown}
 j - 2 scrolls of identify {unknown}
 l - a scroll of blinking {unknown}
 m - 2 scrolls of teleportation {unknown}
Potions
 g - a potion of brilliance {unknown}
 h - 3 potions of curing {unknown}
 i - a potion of might {unknown}
 k - a potion of berserk rage {unknown}
 o - 2 potions of mutation {unknown}
 p - a potion of flight {unknown}


   Skills:
 * Level 1.5 Fighting
 - Level 2.1 Dodging
 - Level 1.5 Stealth
 + Level 3.7 Spellcasting


You knew the following spells:

 Your Spells              Type           Power      Damage    Failure   Level
a - Magic Dart            Conj           60%        1d6       3%          1
c - Mephitic Cloud        Conj/Pois/Air  15%        N/A       11%         3
i - Call Imp              Summ           15%        N/A       5%          2
k - Kiss of Death         Conj/Necr      60%        2d10      3%          1
s - Slow                  Hex            60%        N/A       3%          1
B - Blink                 Tloc           30%        N/A       5%          2
Your spell library was empty.

Dungeon Overview and Level Annotations

Branches:
Dungeon (3/15)

Altars:
Gozag


Innate Abilities, Weirdness & Mutations

You are immune to sickness and miasma.
You are immune to poison.
Your flesh is very heat resistant. (rF++)
You are vulnerable to cold. (rC-)
You float through the air rather than walking.
You learn spells naturally, not from books.
Your magical power is your life essence.
You have superior vitality. (+4 MHP)


Message History

Press: ? - help, Shift-Dir - straight line, f - iguana
Aim: an iguana (100% to hit)
The magic dart hits the iguana.
The iguana is lightly wounded.
Casting: Magic Dart (safe; 3% risk of failure)
Confirm with . or Enter, or press ? or * to list all spells.
Aiming: Magic Dart (safe; 3% risk of failure)
Press: ? - help, Shift-Dir - straight line, f/p - iguana
Aim: an iguana (lightly wounded, 100% to hit)
The magic dart hits the iguana.
The iguana is moderately wounded.
Casting: Magic Dart (safe; 3% risk of failure)
Confirm with . or Enter, or press ? or * to list all spells.
Aiming: Magic Dart (safe; 3% risk of failure)
Press: ? - help, Shift-Dir - straight line, f/p - iguana
Aim: an iguana (lightly wounded, 100% to hit)
The magic dart hits the iguana but does no damage.
The iguana is lightly wounded.
Casting: Magic Dart (safe; 3% risk of failure)
Confirm with . or Enter, or press ? or * to list all spells.
Aiming: Magic Dart (safe; 3% risk of failure)
Press: ? - help, Shift-Dir - straight line, f - goblin, p - iguana
Aim: a goblin, wielding a +0 dagger of electrocution and wearing a +0 ring mail of fire resistance (moderately wounded, 100% to hit)
The magic dart hits the iguana but does no damage.
The iguana is lightly wounded.
Casting: Magic Dart (safe; 3% risk of failure)
Confirm with . or Enter, or press ? or * to list all spells.
Aiming: Kiss of Death (safe; 3% risk of failure)
Press: ? - help, Shift-Dir - straight line, f - iguana, p - goblin
Aim: an iguana (lightly wounded, 100% to hit)
The negative energy hits the iguana!
The iguana is drained!
The iguana is severely wounded.
You feel drained.
The iguana bites you but does no damage.
The goblin attacks as you move away!
The goblin hits you with a +0 dagger of electrocution.
You are electrocuted!
Ouch! That really hurt!
You die...
Your body crumbles into a pile of gold.

# #. ##.#####. ########
#.......# #......# #..#....#
#.####.# ########..#.#..##
#.####.####.. ........#.#.###
#.#......##.# ##......#.##...
#.#.##.#.##.###..#..#.#.##.#.
#.#.##.#....@l..........##...
###....o.####.#g#...#...####...
#o.....### #.#.#.).....# #...
#o##...# #...........# ##..
#.#############.#..##..## #..
###o#### #......#.#..##..# #..
#.....o#
#......#.#.<....######..
#.#.##o#
#......#.##.##.......... #.#.#
.# #.......................


You could see an iguana (very drained) and a goblin.

Vanquished Creatures
  An adder (D:3)
  2 gnolls
  A worm (D:2)
  An orc (D:3)
  6 endoplasms
  2 giant cockroaches
  6 goblins
  4 hobgoblins
  4 jackals
  3 quokkas
  4 ball pythons
  7 bats
  2 frilled lizards
  2 kobolds
  7 rats
52 creatures vanquished.

Notes
Turn   | Place    | Note
-------+----------+-------------------------------------------
     0 | D:1      | Banquo the Djinni Hedge Wizard began the quest for the Orb.
     0 | D:1      | Banquo set off with the following spells memorised: Magic
                  | Dart, Slow, Blink, Call Imp, Mephitic Cloud.
     0 | D:1      | Reached XP level 1. HP: 15/15 MP: 0/0
   209 | D:1      | Reached XP level 2. HP: 19/22 MP: 0/0
   932 | D:1      | Reached skill level 1 in Fighting
   932 | D:1      | Reached skill level 3 in Spellcasting
   932 | D:1      | Reached XP level 3. HP: 14/27 MP: 0/0
   932 | D:1      | Learned a level 1 spell: Kiss of Death
  1500 | D:2      | Found an opulent altar of Gozag.
  1515 | D:2      | Became a worshipper of Gozag Ym Sagoz the Greedy
  1556 | D:2      | Reached XP level 4. HP: 29/32 MP: 0/0
  2508 | D:3      | Slain by a goblin

Illustrated notes

Levels and vault maps discovered:
D:1:      psy_arrival_dodecagon, layout_loops_corners, minmay_pentomino_v2
D:2:      layout_basic, basic_altar
D:3:      layout_loops_cross

Skill      XL: |  1  2 |
---------------+-------+-----
Fighting       | 1 |  1.5
Spellcasting   | 3 |  3.7
Dodging        | |  2.1
Stealth        | |  1.5

Action                     |  1- 3 |  4- 6 || total
---------------------------+-------+-------++-------
   Cast: Magic Dart        |    88 |    55 ||   143
         Mephitic Cloud    |       |     3 ||     3
         Kiss of Death     |       |     2 ||     2
 Armour: Robe              |     1 |     1 ||     2
  Dodge: Dodged            |    15 |     8 ||    23

Table legend: (Time is in decaauts)
 A = Elapsed time spent in this place.
 B = Non-inter-level travel time spent in this place.
 C = Inter-level travel time spent in this place.
 D = Time resting spent in this place.
 E = Time spent auto-exploring this place.
 F = Levels seen in this place.
 G = Mean time per level.
                   A        B        C        D        E       F      G
               +--------+--------+--------+--------+--------+-----+--------+
         Total |   2509 |   2279 |    230 |      0 |   1924 |   3 |  836.3 |
       Dungeon |   2509 |   2279 |    230 |      0 |   1924 |   3 |  836.3 |
               +--------+--------+--------+--------+--------+-----+--------+

Top non-repeatable levels by time:
     D:1: 1161 daAuts
     D:2: 755 daAuts
     D:3: 591 daAuts
